 Dungeon Sprint DCSS version 0.31-a0-18-gea43df2a32 (webtiles) character file.

Game seed: 3443960914289748665

10 sircluck the Firebug (level 2, -2/22 HPs)
             Began as a Naga Fire Elementalist on May 11, 2023.
             Killed from afar by an oklob sapling (24 damage)
             ... with a splash of acid
             ... in the Dungeon (Sprint IV: "Fedhas' Mad Dash").
             The game lasted 00:00:39 (83 turns).

sircluck the Firebug (Naga Fire Elementalist)         Turns: 83, Time: 00:00:40

Health: -2/22      AC:  1    Str: 10    XL:     2   Next: 20%
Magic:  5/5        EV: 10    Int: 15    God:
Gold:   0          SH:  0    Dex: 11    Spells: 5/6 levels left

rFire   . . .        (no weapon)
rCold   . . .        (no shield)
rNeg    . . .        a - +0 robe
rPois   +            (no helmet)
rElec   .            (no cloak)
rCorr   .            (no gloves)
SInv    +            (no barding)
Will    .....        f - amulet of regeneration
Stlth   ++           (no ring)
HPRegen 1.03/turn    (no ring)
MPRegen 0.09/turn

%: no teleportation
@: very slow
A: AC +0, large, see invisible, deformed body, poison resistance, slowness 2,
spit poison 1, naga tail 1
a: Spit Poison


You were in the Dungeon.
You visited 1 branch

Inventory:

Armour
 a - a +0 robe (worn)
Jewellery
 f - an amulet of regeneration (around neck)
Scrolls
 g - a scroll of blinking
Potions
 b - 2 potions of magic
 c - a potion of curing
 d - a potion of heal wounds
 e - a potion of haste


   Skills:
 + Level 2.0 Dodging
 + Level 3.5 Stealth
 + Level 2.6 Spellcasting
 + Level 1.1 Conjurations
 + Level 4.3 Fire Magic


You had 5 spell levels left.
You knew the following spells:

 Your Spells              Type           Power      Damage    Failure   Level
a - Foxfire               Conj/Fire      40%        2x1d6     7%          1

Your spell library contained the following spells:

 Spells                   Type           Power      Damage    Failure   Level
 Scorch                   Fire           30%        2d6       5%          2
 Inner Flame              Hex/Fire       8%         N/A       26%         3
 Volatile Blastmotes      Fire/Tloc      16%        2d11      26%         3
 Flame Wave               Conj/Fire      10%        2d6       54%         4


Dungeon Overview and Level Annotations

Branches:
Dungeon (1/1)

Altars:

Annotations:
D exclusion: oklob sapling


Innate Abilities, Weirdness & Mutations

Your serpentine skin is tough. (AC +0)
You have supernaturally acute eyesight. (SInv)
Armour fits poorly on your strangely shaped body.
Your system is resistant to poisons. (rPois)
You cover ground very slowly.
You can spit poison.
You have a snake-like lower body.


Message History

The river rat bites you.
A red film seems to cover your vision as you go berserk!
You feel yourself moving faster!
You feel mighty!
The foxfire hits the river rat.
The river rat is heavily wounded.
The river rat bites you but does no damage.
You punch the river rat!
You kill the river rat!
Your Dodging skill increases to level 2!
Your Fire Magic skill increases to level 4!
You have reached level 2!
Unknown command.
Unknown command.
You feel a strong urge to attack something.
Your magical contamination has completely faded away.
You feel your anger nearly subside.
You are no longer berserk.
You are exhausted.
You feel yourself slow down.
There is an open door here.
f - an amulet of regeneration You start putting on your amulet.
You continue putting on your amulet of regeneration. x5
You finish putting on your amulet of regeneration.
The amulet cannot attune itself to your injured body.
f - an amulet of regeneration (around neck)
Your amulet attunes itself to your body as you begin to regenerate more quickly.
You feel yourself speed up.
You start waiting.
You recover from your berserk rage.
You open the door.
An oklob sapling comes into view.
Marking area around an oklob sapling as unsafe for travelling.
Found 31 gold pieces.
There is an open door here.
The helpless oklob sapling fails to defend itself.
You hit the oklob sapling but do no damage.
The oklob sapling spits acid at you. The splash of acid hits you!!
Ouch! That really hurt!
You die...

##################
#<..P#.....#.$$$$#
#....'.....@.#
#P...#.....#P#
##############


You could see an oklob sapling.

Vanquished Creatures
  A river rat (D)
  A rat (D)
2 creatures vanquished.

Vanquished Creatures (others)
  7 foxfires (D)
7 creatures vanquished.

Grand Total: 9 creatures vanquished

Notes
Turn   | Place    | Note
-------+----------+-------------------------------------------
     0 | D        | sircluck the Naga Fire Elementalist began the quest for the
                  | Orb.
     0 | D        | Reached XP level 1. HP: 15/15 MP: 3/3
    43 | D        | Reached skill level 4 in Fire Magic
    43 | D        | Reached XP level 2. HP: 20/22 MP: 1/5
    81 | D        | Noticed an oklob sapling
    83 | D        | Killed from afar by an oklob sapling

Illustrated notes

Levels and vault maps discovered:
D:        dungeon_sprint_fedhas [sprint_temple]

Skill      XL: |  1 |
---------------+----+-----
Dodging        | 2 |  2.0
Fire Magic     | 4 |  4.3
Stealth        | |  3.5
Spellcasting   | |  2.6
Conjurations   | |  1.1

Action                     || total
---------------------------++-------
  Melee: Unarmed           ||    20
   Cast: Foxfire           ||     5
    Use: Potion            ||     2
   Stab: Sleeping          ||     1
 Armour: Robe              ||     1

Table legend: (Time is in decaauts)
 A = Elapsed time spent in this place.
 B = Non-inter-level travel time spent in this place.
 C = Inter-level travel time spent in this place.
 D = Time resting spent in this place.
 E = Time spent auto-exploring this place.
 F = Levels seen in this place.
 G = Mean time per level.
                   A        B        C        D        E       F      G
               +--------+--------+--------+--------+--------+-----+--------+
         Total |    109 |    109 |      0 |      9 |      0 |   1 |  109.0 |
       Dungeon |    109 |    109 |      0 |      9 |      0 |   1 |  109.0 |
               +--------+--------+--------+--------+--------+-----+--------+

Top non-repeatable levels by time:
       D: 109 daAuts
